 Dungeon Crawl Stone Soup version 0.17.0-28-g6e173f8 (webtiles) character file.

51 gorblad the Magician (level 3, -9/19 HPs)
             Began as a Deep Elf Wizard on Dec 3, 2015.
             Mangled by Grinder (11 damage)
             ... on level 3 of the Dungeon.
             The game lasted 00:06:52 (2784 turns).

gorblad the Magician (Deep Elf Wizard)              Turns: 2784, Time: 00:06:52

Health: -9/19      AC:  3    Str:  4    XL:     3   Next: 57%
Magic:  4/10       EV: 12    Int: 23    God:
Gold:   64         SH:  0    Dex: 13    Spells: 2 memorised, 7 levels left

rFire  . . .     SeeInvis .     j - +0 short sword
rCold  . . .     Clarity  .     a - +0 robe
rNeg   . . .     SustAt   .     (no shield)
rPois  .         Gourm    .     b - +0 hat
rElec  .         Spirit   .     (no cloak)
rCorr  .         Warding  .     (no gloves)
rMut   .         Stasis   .     i - +0 pair of boots
MR     .....                    (no amulet)
Stlth  ++........               (no ring)
                                (no ring)

@: not resistant to hostile enchantments, unstealthy
A: no striking features
a: no special abilities


You were on level 3 of the Dungeon.
You were not hungry.

You visited 1 branch of the dungeon, and saw 3 of its levels.

You collected 64 gold pieces.

Inventory:

Hand Weapons
 j - a +0 short sword (weapon)
Missiles
 e - 5 tomahawks (quivered)
Armour
 a - a +0 robe (worn)
 b - a +0 hat (worn)
 i - a +0 pair of boots (worn)
Scrolls
 f - a scroll of enchant weapon {unknown}
 g - 2 scrolls of remove curse {unknown}
 h - 3 scrolls of identify {unknown}
 l - 2 scrolls of teleportation {unknown}
 m - a scroll of recharging {unknown}
 n - a scroll of noise {unknown}
 q - a scroll of random uselessness {unknown}
Potions
 k - 2 potions of agility {unknown}
 o - a potion of flight {unknown}
Books
 c - a book of Minor Magic

   Spells                             Type                      Level
   a - Magic Dart                     Conjuration                  1
   b - Blink                          Translocation                2
   c - Call Imp                       Summoning                    2
   d - Repel Missiles                 Charms/Air                   2
   e - Slow                           Hexes                        2
   f - Conjure Flame                  Conjuration/Fire             3
   g - Mephitic Cloud                 Conjuration/Poison/Air       3
Comestibles
 d - 3 bread rations
 r - a slice of pizza


   Skills:
 - Level 2.4 Dodging
 - Level 2.4 Stealth
 - Level 4.4 Spellcasting
 + Level 3.9 Conjurations
   Level 1.1 Summonings
 - Level 1.1 Translocations


You had 7 spell levels left.
You knew the following spells:

 Your Spells              Type           Power        Failure   Level  Hunger
a - Magic Dart            Conj           ###.         1%          1    None
b - Blink                 Tloc           N/A          12%         2    None


Dungeon Overview and Level Annotations

Branches:
Dungeon (3/15)

Altars:
Vehumet

Annotations:
D:3 Grinder


Message History

Aim: Grinder (lightly wounded)
The magic dart hits Grinder.
Grinder is moderately wounded.
Casting: Magic Dart
Confirm with . or Enter, or press ? or * to list all spells.
Aiming: Magic Dart
Press: ? - help, Shift-Dir - straight line, f/p - Grinder
Aim: Grinder (moderately wounded)
The magic dart hits Grinder.
Grinder is moderately wounded.
Casting: Magic Dart
Confirm with . or Enter, or press ? or * to list all spells.
Aiming: Magic Dart
Press: ? - help, Shift-Dir - straight line, f/p - Grinder
Aim: Grinder (moderately wounded)
The magic dart hits Grinder.
Grinder is heavily wounded.
Grinder hits you!
Ouch! That really hurt!
You die...

#########...........
.....>...........#
.#..#####.....<.#.#
.#..# #.....[.##
....# ##.......#
###.# #.#####.#
###.### #.# #.#
......## ... #.#
.........### #@#
<.....##.
#...5...... .......#
#.......... .......#
#.......... ...#####
#..#####... #### ...
.. .##. . #. #.


You could see Grinder.

Vanquished Creatures
  Ijyb (D:2)
  A giant gecko (D:2)
  2 bats
  7 hobgoblins
  4 kobolds
  2 ball pythons (D:1)
  4 goblins
21 creatures vanquished.

Vanquished Creatures (others)
  A bat (D:2)
  A kobold (D:2)
2 creatures vanquished.

Grand Total: 23 creatures vanquished

Notes
Turn   | Place    | Note
--------------------------------------------------------------
     0 | D:1      | gorblad the Deep Elf Wizard began the quest for the Orb.
     0 | D:1      | Reached XP level 1. HP: 10/10 MP: 7/7
   512 | D:1      | Reached XP level 2. HP: 15/15 MP: 6/9
   968 | D:2      | Noticed Ijyb
  1013 | D:2      | Killed Ijyb
  1013 | D:2      | Reached XP level 3. HP: 5/19 MP: 0/10
  1448 | D:2      | Found a radiant altar of Vehumet.
  2656 | D:2      | Learned a level 2 spell: Blink
  2770 | D:3      | Noticed Grinder
  2770 | D:3      | Paralysed by Grinder for 5 turns
  2778 | D:3      | Paralysed by Grinder for 4 turns
  2784 | D:3      | Mangled by Grinder

Action                   || total
-------------------------++-------
Melee: Unarmed           ||    18
 Cast: Magic Dart        ||    56
       Blink             ||     3
  Eat: Chunk             ||     3
       Bread ration      ||     1
